 Dungeon Crawl Stone Soup version 0.31-a0-833-gc15d34cb79 (webtiles) character file.

Game seed: 9851612491036714504

32 jakobj the Grave Robber (level 3, -1/24 HPs)
             Began as a Demonspawn Necromancer on Sept 25, 2023.
             Slain by Ijyb
             ... wielding a +0 dagger
              (2 damage)
             ... on level 3 of the Dungeon.
             The game lasted 00:05:04 (857 turns).

jakobj the Grave Robber (Demonspawn Necromancer)     Turns: 857, Time: 00:05:05

Health: -1/24      AC:  7    Str:  8    XL:     3   Next: 8%
Magic:  5/6        EV: 11    Int: 18    God:
Gold:   75         SH:  0    Dex: 13    Spells: 5/6 levels left

rFire   . . .        j - +1 dagger
rCold   . . .        (no shield)
rNeg    . . .        d - +1 acid dragon scales
rPois   .            (no helmet)
rElec   .            (no cloak)
rCorr   +            (no gloves)
SInv    .            (no boots)
Will    .....        (no amulet)
Stlth   +            (no ring)
HPRegen 0.24/turn    (no ring)
MPRegen 0.10/turn

%: no passive effects
@: no status effects
A: demonic guardian 1
a: no special abilities


You were on level 3 of the Dungeon.
You visited 1 branch of the dungeon, and saw 3 of its levels.

You collected 75 gold pieces.

Inventory:

Hand Weapons
 j - a +1 dagger (weapon)
Armour
 d - +1 acid dragon scales (worn)
Scrolls
 a - a scroll of fear {unknown}
 f - a scroll of noise
Potions
 e - a potion of curing {unknown}
 g - a potion of heal wounds {unknown}


   Skills:
 + Level 1.8 Dodging
 + Level 1.7 Stealth
 + Level 2.4 Spellcasting
 + Level 5.2 Necromancy


You had 5 spell levels left.
You knew the following spells:

 Your Spells              Type           Power      Damage    Failure   Level
a - Necrotise             Necr           80%        1d8       3%          1

Your spell library contained the following spells:

 Spells                   Type           Power      Damage    Failure   Level
 Vampiric Draining        Necr           20%        2d7       11%         3
 Slow                     Hex            8%         N/A       30%         1
 Animate Dead             Necr           20%        N/A       36%         4
 Confusing Touch          Hex            2%         N/A       67%         3
 Sigil of Binding         Hex            2%         N/A       67%         3
 Agony                    Necr           20%        N/A       71%         5


Dungeon Overview and Level Annotations

Branches:
Dungeon (3/15)

Altars:

Annotations:
D:3 Ijyb


Innate Abilities, Weirdness & Mutations

A weak demonic guardian rushes to your aid.


Message History

You kill the quokka!
Ijyb hits your iron imp with a +0 dagger.
Your iron imp hits Ijyb!
Ijyb zaps a wand.
The roots erupt in riotous growth!
Roots grab your iron imp.
Ijyb is unaffected.
The grasping roots grab you!
The grasping roots constrict your iron imp.
The grasping roots constrict you.
* * * LOW HITPOINT WARNING * * *
You hear an angry hiss.
Things that are here:
a +0 flail; an orc corpse You escape the roots grasp.
Your iron imp hits Ijyb.
Ijyb hits your iron imp but does no damage.
The grasping roots constrict your iron imp.
Your iron imp struggles to escape constriction.
The grasping roots constrict your iron imp.
You see here a +0 leather armour.
Aiming: Necrotise (safe; 3% risk of failure)
Press: ? - help, Q - select action Shift-Dir - straight line, f - Ijyb
Aim: Ijyb, wielding a +0 dagger, wearing a +0 leather armour and carrying a wand of roots (moderately wounded, chance to affect: 84%) Ijyb writhes in agony.
You don't have enough magic to cast this spell.
You don't have enough magic to cast this spell.
Unknown command.
Your iron imp barely misses Ijyb.
Ijyb zaps a wand.
The roots erupt in riotous growth!
The grasping roots grab you!
Ijyb is unaffected.
The grasping roots constrict you.
* * * LOW HITPOINT WARNING * * *
You don't have enough magic to cast this spell.
You escape the roots grasp.
Magic courses through your body. Ijyb hits you with a +0 dagger.
* * * LOW HITPOINT WARNING * * *
Aiming: Necrotise (safe; 3% risk of failure)
Press: ? - help, Q - select action Shift-Dir - straight line, f/p - Ijyb
Aim: Ijyb, wielding a +0 dagger, wearing a +0 leather armour and carrying a wand of roots (heavily wounded, ally target, chance to affect: 84%) Ijyb writhes in agony.
Ijyb hits you with a +0 dagger.
You die...

# .# .## .# ...
.##########.#####
#.#....@g......... .##
#.#.#####5[#.#### ....
#.#.##.....#
#..#####......#.#)#
####......##.#<..)..#
........).).>)....###
############.#####...r...
#.# .#####. #.# .#


You could see Ijyb (ally target) and a friendly iron imp (summoned).

Vanquished Creatures
  A dart slug (D:2)
  5 orcs (D:3)
  2 ball pythons (D:2)
  An endoplasm (D:1)
  2 goblins
  3 hobgoblins
  A kobold (D:2)
  2 quokkas
  A bat (D:1)
  3 frilled lizards
  A rat (D:2)
22 creatures vanquished.

Notes
Turn   | Place    | Note
-------+----------+-------------------------------------------
     0 | D:1      | jakobj the Demonspawn Necromancer began the quest for the
                  | Orb.
     0 | D:1      | Reached XP level 1. HP: 13/13 MP: 3/3
   559 | D:2      | Gained mutation: A weak demonic guardian rushes to your
                  | aid. [demonic ancestry]
   559 | D:2      | Reached XP level 2. HP: 19/19 MP: 1/5
   808 | D:3      | Reached skill level 5 in Necromancy
   839 | D:3      | Reached XP level 3. HP: 15/24 MP: 0/6
   846 | D:3      | Noticed Ijyb
   856 | D:3      | HP: 1/24 [Ijyb/+0 dagger (2)]
   857 | D:3      | Slain by Ijyb

Illustrated notes

Levels and vault maps discovered:
D:1:      spicycebolla_arrival_xxxplode, layout_loops_ring,
          hangedman_abyss_or_decor_stabs, chequers_serial_rivers_room_a
D:2:      layout_rooms, nicolae_titane
D:3:      layout_basic, mainiacjoe_overflow_surrounded_room, uniq_ijyb

Skill      XL: |  1  2 |
---------------+-------+-----
Necromancy     | 5 |  5.2
Dodging        | |  1.8
Stealth        | |  1.7
Spellcasting   | |  2.4

Action                     || total
---------------------------++-------
  Melee: Unarmed           ||     5
         Dagger            ||    41
   Cast: Necrotise         ||    29
    Use: Scroll            ||     3
         Potion            ||     1
 Armour: Acid dragon scale ||    48
  Dodge: Dodged            ||    32

Table legend: (Time is in decaauts)
 A = Elapsed time spent in this place.
 B = Non-inter-level travel time spent in this place.
 C = Inter-level travel time spent in this place.
 D = Time resting spent in this place.
 E = Time spent auto-exploring this place.
 F = Levels seen in this place.
 G = Mean time per level.
                   A        B        C        D        E       F      G
               +--------+--------+--------+--------+--------+-----+--------+
         Total |    856 |    830 |     26 |      0 |     14 |   3 |  285.3 |
       Dungeon |    856 |    830 |     26 |      0 |     14 |   3 |  285.3 |
               +--------+--------+--------+--------+--------+-----+--------+

Top non-repeatable levels by time:
     D:1: 547 daAuts
     D:2: 240 daAuts
     D:3: 68 daAuts
